 Dungeon Crawl Stone Soup version 0.19.0-19-g8c6edcc (console) character file.

5408 Kloppie the Basher (level 10, -5/127 HPs)
             Began as a Demonspawn Berserker on Nov 12, 2016.
             Was a High Priest of Trog.
             Slain by a warg (12 damage)
             ... on level 9 of the Dungeon.
             The game lasted 00:13:34 (8738 turns).

Kloppie the Basher (Demonspawn Berserker)           Turns: 8738, Time: 00:13:34

Health: -5/127     AC: 28    Str: 22    XL:     10   Next: 40%
Magic:  10/10      EV: 14    Int:  9    God:    Trog [*****.]
Gold:   167        SH:  0    Dex: 16    Spells: 0 memorised, 9 levels left

rFire  + . .     SeeInvis .     a - +1 flail (protect)
rCold  + + .     Gourm    .     u - +5 chain mail of Instinct {rC+ Stlth+}
rNeg   . . .     Faith    +     (no shield)
rPois  .         Spirit   .     e - +1 helmet
rElec  .         Reflect  .     G - +2 cloak
rCorr  .         Harm     .     (no gloves)
MR     ++...                    (no boots)
Stlth  ..........               q - amulet of faith
                                E - +5 ring of evasion
                                v - ring of protection from cold

@: berserking (expiring), protection aura, regenerating, very quick
A: talons 1, rugged brown scales 1, fire resistance 1, powered by death 2
a: Berserk, Trog's Hand, Brothers in Arms, Burn Spellbooks, Renounce Religion


You were on level 9 of the Dungeon.
You worshipped Trog.
Trog was extremely pleased with you.
You were not hungry.

You visited 1 branch of the dungeon, and saw 9 of its levels.

You collected 476 gold pieces.
You spent 309 gold pieces at shops.

Inventory:

Hand Weapons
 a - a +1 flail of protection (weapon)
 s - a cursed +0 morningstar
 y - a +0 mace
Armour
 e - a +1 helmet (worn)
 h - a +2 ring mail of poison resistance
 u - the +5 chain mail of Instinct (worn) {rC+ Stlth+}
   (You took it off an orc on level 8 of the Dungeon)

   It protects you from cold.
   It makes you more stealthy.
 B - the +0 chain mail of Trog's No More Talking {Regen+ Str+4}
   (You bought it in a shop on level 8 of the Dungeon)

   It affects your strength (+4).
   It increases your rate of regeneration.
 G - a +2 cloak (worn)
Jewellery
 i - a +3 amulet of reflection
 q - an amulet of faith (around neck)
 v - a ring of protection from cold (left hand)
 A - an uncursed ring of see invisible
 E - a +5 ring of evasion (right hand)
Wands
 k - a wand of acid (10/15)
 m - a wand of flame (25/48)
 p - a wand of iceblast (15/15)
 w - a wand of random effects (22/48)
 I - a wand of disintegration (10/24)
Scrolls
 d - a scroll of enchant weapon
 g - a scroll of magic mapping
 n - 2 scrolls of enchant armour
 x - 3 scrolls of remove curse
 K - a scroll of recharging
Potions
 c - a potion of lignification {unknown}
 f - 3 potions of haste
 j - 2 potions of resistance
 l - 3 potions of might
 o - a potion of flight
 r - 3 potions of agility
 C - a potion of curing
 D - a potion of invisibility
 F - 2 potions of ambrosia
 H - a potion of brilliance
 J - a potion of magic {unknown}
Comestibles
 b - 4 meat rations
 t - 4 chunks of flesh
 z - 7 fruits


   Skills:
 - Level 9.4 Fighting
 + Level 10.4 Maces & Flails
 + Level 6.2 Armour
 - Level 1.7 Dodging


You had 9 spell levels left.
You didn't know any spells.

Dungeon Overview and Level Annotations

Branches:
Dungeon (9/15)             Temple (0/1) D:6
   Lair: D:8-11         Orc: D:9-12

Altars:
Dithmenos
Elyvilon
Fedhas
Gozag
Makhleb
Nemelex Xobeh
Qazlal
Sif Muna
Uskayaw
Vehumet
Yredelemnul

Shops:
D:5 !:%[[   D:8 ((:[   D:9 (

Annotations:
D:2 1 runed door


Innate Abilities, Weirdness & Mutations

You have sharp toenails.
You are partially covered in rugged brown scales. (AC +1, +3% HP)
Your flesh is heat resistant. (rF+)
You regenerate health from kills.


Message History

Your Armour skill increases to level 6!
The orc priest invokes the aid of Beogh against you.
Beogh smites you!
* * * LOW HITPOINT WARNING * * *
The orc warrior barely misses you.
You sock the warg!
The warg is moderately wounded.
The warg bites you but does no damage. Something hits you but does no damage.
You hear some strange, mumbled words.
A puff of flame appears from out of thin air!
The puff of flame misses you.
You hit the warg.
The warg is heavily wounded.
The warg barely misses you. The orc warrior completely misses you.
Something completely misses you.
You thump the orc priest!
You kill the orc priest!
Trog accepts your kill. The warg bites you!
You die...

######## ... #......#
... ####......### ..#
#...........####..#
##................#
#................#
#.....####......(#
#####.....#..#†o.....#
#.........#..@ho.....#
###.......#..#{###......
#.#####.#...... ......
#.#...#.#...?.........
#.#...#)#.............
#.#...#.#.............
#.###'#.#.............
#.......#.. .......
#....####


You could see a warg, an orc warrior and an orc wizard.

Vanquished Creatures
  The ghost of Kiel97 the Cleaver, a novice MiBe of Trog (D:9)
  Maurice (D:8)
  Psyche (D:8)
  A two-headed ogre (D:8)
  4 yaks
  Edmund (D:5)
  A hornet zombie (D:6)
  3 sky beasts (D:8)
  An eye of draining (D:8)
  2 ice beasts
  A phantom (D:4)
  A black bear (D:6)
  An ogre (D:9)
  5 centaurs
  Blork the orc (D:5)
  A gnoll sergeant (D:7)
  2 bullfrogs (D:8)
  A wyvern zombie (D:9)
  2 scorpions
  6 killer bees (D:8)
  4 wights (D:6)
  5 crimson imps
  A quasit (D:8)
  3 centaur skeletons
  6 jellies
  4 orc priests
  2 hounds
  2 orc wizards (D:8)
  2 bullfrog skeletons
  5 worker ants
  2 hound skeletons
  7 gnolls
  8 adders
  An ooze (D:1)
  An adder skeleton (D:4)
  3 worms
  2 dart slugs (D:2)
  5 leopard geckos
  7 orcs
  3 giant cockroaches
  5 hobgoblins
  6 jackals
  A quokka (D:9)
  A ball python (D:8)
  11 bats
  11 frilled lizards
  9 goblins
  A jackal skeleton (D:4)
  12 kobolds
  2 leopard gecko skeletons
  A quokka zombie (D:6)
  6 rats
176 creatures vanquished.

Vanquished Creatures (others)
  An adder (D:5)
1 creature vanquished.

Grand Total: 177 creatures vanquished

Notes
Turn   | Place    | Note
-------+----------+-------------------------------------------
     0 | D:1      | Kloppie the Demonspawn Berserker began the quest for the Orb.
     0 | D:1      | Reached XP level 1. HP: 18/18 MP: 1/1
    83 | D:1      | Reached skill level 3 in Maces & Flails
   142 | D:1      | Gained mutation: You have sharp toenails. [demonic ancestry]
   142 | D:1      | Reached XP level 2. HP: 14/24 MP: 2/2
   749 | D:2      | Reached XP level 3. HP: 29/29 MP: 3/3
   861 | D:2      | Found a runed door.
  1134 | D:2      | Reached ** piety under Trog
  1356 | D:2      | Gained mutation: You regenerate a little health from kills. [demonic ancestry]
  1356 | D:2      | Reached XP level 4. HP: 35/37 MP: 4/4
  1359 | D:2      | Found a stormy altar of Qazlal.
  1767 | D:3      | Reached skill level 4 in Maces & Flails
  1932 | D:3      | Found a sparkling altar of Nemelex Xobeh.
  1936 | D:3      | Found a hide-covered altar of Uskayaw.
  2036 | D:3      | Gained mutation: Your flesh is heat resistant. (rF+) [demonic ancestry]
  2036 | D:3      | Reached XP level 5. HP: 23/43 MP: 5/5
  2487 | D:4      | Found a radiant altar of Vehumet.
  3001 | D:4      | Reached skill level 5 in Fighting
  3096 | D:4      | Found a shadowy altar of Dithmenos.
  3126 | D:4      | Found a burning altar of Makhleb.
  3406 | D:4      | Noticed a phantom
  3462 | D:4      | Killed a phantom
  3462 | D:4      | Reached skill level 5 in Maces & Flails
  3462 | D:4      | Gained mutation: You are partially covered in rugged brown scales. (AC +1, +3% HP) [demonic ancestry]
  3462 | D:4      | Reached XP level 6. HP: 25/52 MP: 6/6
  3722 | D:4      | Found a basalt altar of Yredelemnul.
  3833 | D:4      | Reached *** piety under Trog
  4383 | D:5      | Entered Level 5 of the Dungeon
  4407 | D:5      | Noticed Blork the orc
  4419 | D:5      | Killed Blork the orc
  4769 | D:5      | Found a white marble altar of Elyvilon.
  4787 | D:5      | Reached XP level 7. HP: 50/59 MP: 7/7
  4867 | D:5      | Found Hoixain's Book Boutique.
  4871 | D:5      | Found Vieloqeh's Antique Armour Boutique.
  4872 | D:5      | Found Zuomodom's Armour Boutique.
  4873 | D:5      | Found Zimaorez's Food Boutique.
  4938 | D:5      | Found Iggahycw's Distillery.
  4970 | D:5      | Bought 2 potions of degeneration for 24 gold pieces
  4998 | D:5      | Noticed Edmund
  5022 | D:5      | Killed Edmund
  5022 | D:5      | Reached skill level 6 in Maces & Flails
  5125 | D:5      | Found a sparkling altar of Nemelex Xobeh.
  5402 | D:6      | Found a staircase to the Ecumenical Temple.
  6005 | D:6      | Gained mutation: You regenerate health from kills. [demonic ancestry]
  6005 | D:6      | Reached XP level 8. HP: 69/69 MP: 8/8
  6142 | D:6      | Found a deep blue altar of Sif Muna.
  6350 | D:6      | Reached skill level 7 in Maces & Flails
  6397 | D:6      | Received a gift from Trog
  7263 | D:8      | Reached skill level 8 in Maces & Flails
  7360 | D:8      | Reached XP level 9. HP: 70/77 MP: 9/9
  7365 | D:8      | Reached **** piety under Trog
  7430 | D:8      | Got a polished chain mail
  7457 | D:8      | Identified the +5 chain mail of Instinct {rC+ Stlth+} (You took it off an orc on level 8 of the Dungeon)
  7593 | D:8      | Found Redgho Oxzi's Antique Armour Shoppe.
  7601 | D:8      | Bought an ichor-stained chain mail for 285 gold pieces
  7611 | D:8      | Identified the +0 chain mail of Trog's No More Talking {Regen+ Str+4} (You bought it in a shop on level 8 of the Dungeon)
  7657 | D:8      | Reached skill level 9 in Maces & Flails
  7806 | D:8      | Found Kejom's Weapon Shop.
  7839 | D:8      | Found an opulent altar of Gozag.
  7840 | D:8      | Noticed Psyche
  7849 | D:8      | Killed Psyche
  7916 | D:8      | Found a blossoming altar of Fedhas.
  8000 | D:8      | Found Secamid's Antique Weapon Shop.
  8159 | D:8      | Found Orrall's Book Emporium.
  8189 | D:9      | Noticed Maurice
  8323 | D:8      | Reached skill level 5 in Armour
  8323 | D:8      | Reached XP level 10. HP: 59/85 MP: 10/10
  8369 | D:8      | Killed Maurice
  8496 | D:9      | Reached skill level 10 in Maces & Flails
  8504 | D:9      | Reached ***** piety under Trog
  8572 | D:9      | Found Waemuibb's Antique Weapon Boutique.
  8705 | D:9      | Noticed Kiel97's ghost (novice MiBe)
  8735 | D:9      | Killed Kiel97's ghost
  8735 | D:9      | HP: 3/127 [orc priest/divine providence (9)]
  8738 | D:9      | Slain by a warg

Skill      XL: |  1  2  3  4  5  6  7  8  9 10 |
---------------+-------------------------------+-----
Maces & Flails | 3 4 5 6 8 9 10 | 10.4
Fighting       | 4 5 6 7 8 9 |  9.4
Armour         | 5 6 |  6.2
Dodging        | |  1.7

Action                   |  1- 3 |  4- 6 |  7- 9 | 10-12 || total
-------------------------+-------+-------+-------+-------++-------
Melee: Mace              |   114 |   250 |    55 |       ||   419
       Kick              |    28 |    68 |   135 |    33 ||   264
       Flail             |       |       |   359 |    95 ||   454
Invok: Berserk           |     1 |     4 |     5 |     1 ||    11
       Trog's Hand       |       |       |     1 |     1 ||     2
  Use: Scroll            |       |       |    17 |       ||    17
  Eat: Chunk             |     2 |     7 |    10 |       ||    19
       Bread ration      |       |     2 |     1 |     1 ||     4
Armor: Animal skin       |     5 |       |       |       ||     5
       Ring mail         |    44 |   127 |   137 |       ||   308
       Chain mail        |       |       |    78 |    56 ||   134
Dodge: Dodged            |   101 |   157 |   314 |    61 ||   633
